 Dungeon Crawl Stone Soup version 0.20-a0-1014-g171fa7a (webtiles) character file.

1313 HankScorpio the Basher (level 8, 0/44 HPs)
             Began as a Gargoyle Gladiator on Apr 15, 2017.
             Was an Initiate of Okawaru.
             Slain by a two-headed ogre
             ... wielding a +0 giant spiked club
              (11 damage)
             ... on level 8 of the Dungeon.
             The game lasted 00:13:01 (5826 turns).

HankScorpio the Basher (Gargoyle Gladiator)         Turns: 5826, Time: 00:13:02

Health: 0/44       AC: 15    Str: 19    XL:     8   Next: 58%
Magic:  8/8        EV: 11    Int:  9    God:    Okawaru [......]
Gold:   305        SH:  0    Dex: 12    Spells: 7/7 levels left

rFire    + . .     SeeInvis +   i - +4 dire flail (protect)
rCold    + + .     Gourm    .   (shield currently unavailable)
rNeg     + + .     Faith    .   u - +3 ring mail of Springtime {rC+ rCorr Stlth-}
rPois    ∞         Spirit   .   c - +0 helmet
rElec    +         Reflect  .   o - scarf {rC+ rF+}
rCorr    +         Harm     .   E - +0 pair of gloves
MR       .....                  (no boots)
Stlth    ..........             (no amulet)
Regen    0.2/turn               g - ring of see invisible
MPRegen  0.2/turn               F - ring of positive energy

@: invisible
A: negative energy resistance 1, electricity resistance, unbreathing,
petrification resistance, rot immunity, AC +5
a: Renounce Religion


You were on level 8 of the Dungeon.
You worshipped Okawaru.
Okawaru was noncommittal.
You were hungry.

You visited 2 branches of the dungeon, and saw 9 of its levels.
You also visited: Sewer.

You collected 305 gold pieces.

Inventory:

Hand Weapons
 a - a +0 flail
 i - a +4 dire flail of protection (weapon)
Missiles
 d - 4 throwing nets
 D - 7 tomahawks (quivered)
Armour
 b - a +0 leather armour
 c - a +0 helmet (worn)
 o - a scarf of resistance (worn)
 u - the +3 ring mail of Springtime (worn) {rC+ rCorr Stlth-}
   (You found it on level 6 of the Dungeon)

   It protects you from cold.
   It protects you from acid and corrosion.
   It makes you less stealthy.
 v - a +0 ring mail
 E - a +0 pair of gloves (worn)
 N - a +0 buckler
Jewellery
 g - a ring of see invisible (left hand)
 F - a ring of positive energy (right hand)
Scrolls
 e - 6 scrolls of identify
 h - 3 scrolls of enchant weapon
 m - a scroll of amnesia
 p - a scroll of immolation {unknown}
 r - 3 scrolls of remove curse
 t - a scroll of magic mapping {unknown}
 w - 3 scrolls of teleportation
 y - a scroll of fear {unknown}
 H - a scroll of blinking {unknown}
 M - a scroll of recharging
Potions
 n - a potion of mutation
 q - a potion of curing {unknown}
 s - 2 potions of lignification {unknown}
 z - a potion of might {unknown}
 A - 5 potions of flight {unknown}
 B - 2 potions of brilliance {unknown}
 C - a potion of berserk rage {unknown}
 I - a potion of agility {unknown}
Books
 x - a book of Minor Magic

   Spells                             Type                      Level
   a - Magic Dart                     Conjuration                  1
   b - Blink                          Translocation                2
   c - Call Imp                       Summoning                    2
   d - Slow                           Hexes                        2
   e - Conjure Flame                  Conjuration/Fire             3
   f - Mephitic Cloud                 Conjuration/Poison/Air       3
 J - a book of Geomancy

   Spells                             Type                      Level
   a - Sandblast                      Earth                        1
   b - Passwall                       Transmutation/Earth          2
   c - Stone Arrow                    Conjuration/Earth            3
   d - Petrify                        Transmutation/Earth          4
   e - Lee's Rapid Deconstruction     Earth                        5
 L - a book of Callings

   Spells                             Type                      Level
   a - Summon Small Mammal            Summoning                    1
   b - Call Imp                       Summoning                    2
   c - Call Canine Familiar           Summoning                    3
   d - Summon Guardian Golem          Hexes/Summoning              3
   e - Summon Lightning Spire         Summoning/Air                4
   f - Summon Ice Beast               Ice/Summoning                4
Comestibles
 f - 6 bread rations
 j - 8 fruits
 l - 5 meat rations
 G - a royal jelly


   Skills:
 - Level 2.1 Fighting
 + Level 10.5 Maces & Flails
 - Level 1.7 Throwing
 - Level 2.4 Dodging


You had 7 spell levels left.
You didn't know any spells.

Dungeon Overview and Level Annotations

Branches:
Dungeon (8/15)             Temple (1/1) D:6
   Lair: D:8-11

Altars:
Ashenzari
Dithmenos
Elyvilon
Fedhas
Gozag
Hepliaklqana
Kikubaaqudgha
Nemelex Xobeh
Okawaru
Qazlal
Ru
Sif Muna
Trog
Uskayaw
Vehumet
Wu Jian
Yredelemnul
Zin
The Shining One


Innate Abilities, Weirdness & Mutations

You are resistant to torment.
Your stone body is resilient. (AC +5)
You are immune to poison.
You resist negative energy. (rN+)
You are resistant to electric shocks. (rElec)
You can survive without breathing.
You are immune to petrification.
You are immune to rotting.


Message History

The two-headed ogre is lightly wounded.
The howler monkey hoots and howls with incredible vigour!
The two-headed ogre misses you.
The two-headed ogre hits you with a giant club!
You sock the two-headed ogre!
The two-headed ogre is moderately wounded.
The howler monkey hoots and howls with incredible vigour!
You hear an angry hiss.
You barely miss the two-headed ogre.
The two-headed ogre is moderately wounded.
The two-headed ogre hits you with a giant spiked club!
The two-headed ogre hits you with a giant club.
* * * LOW HITPOINT WARNING * * *
A centaur zombie comes into view.
Found a runed wooden wand.
You hear a distant blaring wail to the northwest.
The howler monkey hoots and howls with incredible vigour!
You fade into invisibility!
The two-headed ogre hits you with a giant spiked club!
You die...

### ./. ...
#.# ####.##
..... #..#
#.@# #.O####
#....<#
##h####
#.####Z####
.....(.o...#
#.#####.##h#
###.##.#
#.#.##h#


You could see a two-headed ogre, a howler monkey, an orc and a centaur zombie.

Vanquished Creatures
  Edmund (D:6)
  2 ice beasts
  Purgy (Sewer)
  An ogre (D:7)
  A centaur (D:6)
  5 scorpions
  A howler monkey (D:6)
  A hound (D:7)
  A jelly (D:7)
  4 orc wizards
  Jessica (D:2)
  2 iguanas
  3 worker ants
  A hound skeleton (D:6)
  A gnoll (D:3)
  3 adders
  An ooze (D:2)
  8 worms
  2 dart slugs
  A leopard gecko (D:7)
  18 orcs
  4 giant cockroaches
  4 goblins
  6 hobgoblins
  5 kobolds
  3 quokkas
  2 ball pythons
  3 bats (D:1)
  8 frilled lizards
  A giant cockroach zombie (D:6)
  A leopard gecko skeleton (D:5)
  A quokka skeleton (D:7)
  7 rats
104 creatures vanquished.

Notes
Turn   | Place    | Note
-------+----------+-------------------------------------------
     0 | D:1      | HankScorpio the Gargoyle Gladiator began the quest for the Orb.
     0 | D:1      | Reached XP level 1. HP: 12/12 MP: 1/1
   124 | D:1      | Reached XP level 2. HP: 17/17 MP: 2/2
   717 | D:2      | Reached skill level 4 in Maces & Flails
   959 | D:2      | Reached XP level 3. HP: 14/21 MP: 3/3
   989 | D:2      | Noticed Jessica
  1002 | D:2      | Killed Jessica
  1046 | D:2      | Found a stormy altar of Qazlal.
  1117 | D:2      | Reached XP level 4. HP: 26/26 MP: 4/4
  1346 | D:2      | Reached skill level 5 in Maces & Flails
  1661 | D:3      | HP: 1/26 [gnoll/spear (1)]
  1893 | D:4      | Found a shattered altar of Ashenzari.
  2044 | D:4      | Reached XP level 5. HP: 19/30 MP: 5/5
  2162 | D:4      | Found a glowing drain.
  2166 | Sewer    | Entered a sewer
  2211 | Sewer    | Reached skill level 6 in Maces & Flails
  2253 | Sewer    | Noticed Purgy
  2292 | Sewer    | Killed Purgy
  2292 | Sewer    | Reached XP level 6. HP: 33/35 MP: 6/6
  2912 | D:5      | Entered Level 5 of the Dungeon
  3048 | D:5      | Reached skill level 7 in Maces & Flails
  3534 | D:6      | Reached XP level 7. HP: 40/40 MP: 7/7
  3644 | D:6      | Noticed Edmund
  3705 | D:6      | Killed Edmund
  3705 | D:6      | Reached skill level 8 in Maces & Flails
  4009 | D:6      | Noticed a moth of wrath
  4012 | D:6      | Found a bloodstained altar of Trog.
  4091 | D:6      | Found a deep blue altar of Sif Muna.
  4216 | D:6      | Reached skill level 9 in Maces & Flails
  4232 | D:6      | Reached XP level 8. HP: 25/44 MP: 8/8
  4614 | D:6      | Got a twisted ring mail
  4625 | D:6      | Identified the +3 ring mail of Springtime {rC+ rCorr Stlth-} (You found it on level 6 of the Dungeon)
  4664 | D:6      | Found a glowing silver altar of Zin.
  4916 | D:6      | Found a staircase to the Ecumenical Temple.
  4941 | Temple   | Entered the Ecumenical Temple
  5186 | Temple   | Became a worshipper of Warmaster Okawaru
  5353 | D:7      | Found a sparkling altar of Nemelex Xobeh.
  5446 | D:7      | Reached skill level 10 in Maces & Flails
  5796 | D:8      | Noticed a two-headed ogre
  5826 | D:8      | Slain by a two-headed ogre

Vault maps used:
D:1:      lemuel_arrival_room, minmay_pentomino_o4
D:2:      nicolae_overflow_crystal_walls, uniq_jessica
D:3:      grunt_temple_overflow_champion_of_chaos
D:4:      marbit_many_paths, lightli_sewer_entry_pipes, first_bread,
          grunt_decor_one_mirror
D:6:      kennysheep_mini, tgw_trog, minmay_temple_entry_hall,
          lemuel_blue_sif_altar, uniq_edmund
D:7:      nemelex_xobeh_ov_fountains_minmay, grunt_ogre_cave
D:8:      basic_altar, minmay_holes
Temple:   dpeg_chambers_temple
Sewer:    sewer_co_purgy_island

Skill      XL: |  1  2  3  4  5  6  7  8 |
---------------+-------------------------+-----
Maces & Flails | 4 5 6 7 9 10 | 10.5
Fighting       | |  2.1
Throwing       | |  1.7
Dodging        | |  2.4

Action                   |  1- 3 |  4- 6 |  7- 9 || total
-------------------------+-------+-------+-------++-------
Melee: Flail             |    75 |   184 |   156 ||   415
       Dire flail        |       |       |   106 ||   106
  Use: Potion            |       |     4 |     6 ||    10
       Scroll            |       |       |     7 ||     7
 Stab: Invisible         |       |     4 |       ||     4
  Eat: Chunk             |       |     6 |     5 ||    11
       Bread ration      |       |     1 |       ||     1
Armor: Leather armour    |    28 |       |       ||    28
       Ring mail         |     1 |   135 |   126 ||   262
Dodge: Dodged            |    59 |   145 |   156 ||   360
Block: Buckler           |       |       |     3 ||     3
